 Dungeon Crawl Stone Soup version 0.29.1-13-g9f3cf754e1 (webtiles) character file.

Game seed: 1204932546769467252

4 Chiseanne the Ducker (level 1, -3/15 HPs)
             Began as a Demonspawn Wanderer on Jan 30, 2023.
             Slain by a quokka (4 damage)
             ... on level 1 of the Dungeon.
             The game lasted 00:00:23 (253 turns).

Chiseanne the Ducker (Demonspawn Wanderer)           Turns: 253, Time: 00:00:24

Health: -3/15      AC:  5    Str: 15    XL:     1   Next: 50%
Magic:  1/1        EV: 13    Int:  9    God:
Gold:   11         SH:  0    Dex: 13    Spells: 0/0 levels left

rFire   . . .      SeeInvis .   a - +0 mace
rCold   . . .      Faith    .   (no shield)
rNeg    . . .      Spirit   .   b - +2 leather armour
rPois   .          Reflect  .   (no helmet)
rElec   .          Harm     .   (no cloak)
rCorr   .          Rampage  .   (no gloves)
Will    .....                   (no boots)
Stlth   +.........              (no amulet)
HPRegen 0.05/turn               (no ring)
MPRegen 0.07/turn               (no ring)

@: no status effects
A: no striking features
a: no special abilities


You were on level 1 of the Dungeon.
You visited 1 branch of the dungeon, and saw 1 of its levels.

You collected 11 gold pieces.

Inventory:

Hand Weapons
 a - a +0 mace (weapon)
Missiles
 e - 12 stones (quivered)
Armour
 b - a +2 leather armour (worn)
Potions
 c - a potion of mutation
 d - a potion of attraction
 f - 2 potions of heal wounds {unknown}


   Skills:
 * Level 1.2 Fighting
 - Level 1.7 Maces & Flails
 * Level 1.1 Armour
 * Level 4.5 Dodging
 - Level 1.0 Evocations


You couldn't memorise any spells.
You didn't know any spells.
Your spell library contained the following spells:

 Spells                   Type           Power      Damage    Failure   Level
 Sandblast                Erth           0%         2d4       45%         1
 Passwall                 Tmut/Erth      0%         N/A       58%         2
 Stone Arrow              Conj/Erth      0%         3d7       83%         3


Dungeon Overview and Level Annotations

Branches:
Dungeon (1/15)

Altars:


Message History

The endoplasm quivers.
The endoplasm freezes you.
You are frozen.
You see here 11 gold pieces.
You completely miss the endoplasm. The endoplasm freezes you.
You are frozen.
The quokka barely misses you.
You hit the endoplasm.
The endoplasm is severely wounded.
The quokka barely misses you. The endoplasm freezes you.
You are frozen.
The quokka misses you.
The endoplasm hits you but does no damage.
You are too injured to fight recklessly!
You are too injured to fight recklessly!
You are too injured to fight recklessly!
You are too injured to fight recklessly!
You are too injured to fight recklessly!
You are too injured to fight recklessly!
You are too injured to fight recklessly!
You are too injured to fight recklessly!
You are too injured to fight recklessly!
You are too injured to fight recklessly!
You are too injured to fight recklessly!
You are too injured to fight recklessly!
You are too injured to fight recklessly!
You are too injured to fight recklessly!
The quokka attacks as you move away! The quokka barely misses you.
Found 19 gold pieces.
The endoplasm hits you but does no damage.
You sock the endoplasm!
You kill the endoplasm!
The quokka misses you. The quokka bites you.
* * * LOW HITPOINT WARNING * * *
A frilled lizard comes into view.
You miss the quokka. The quokka bites you.
* * * LOW HITPOINT WARNING * * *
You hit the quokka but do no damage. The quokka misses you.
The quokka bites you.
You die...

######........#.#...J.
..............#....#.#.
.$.............#####.#
# l......#.....#...# .
......###...###..# ..
.......#.$...#...#
.........#.....#.
.......r##....##
.$......@#.#...#.#
###....#.....#...#
##..###...###..##
#...#.....#.....
###...#.#...####
#####.##### #.# #.# #.#


You could see a quokka.

Vanquished Creatures
  2 endoplasms (D:1)
  A goblin (D:1)
3 creatures vanquished.

Notes
Turn   | Place    | Note
-------+----------+-------------------------------------------
     0 | D:1      | Chiseanne the Demonspawn Wanderer began the quest for the
                  | Orb.
     0 | D:1      | Chiseanne set off with the following items: a +0 mace, a +2
                  | leather armour, a potion of mutation, a potion of
                  | attraction.
     0 | D:1      | Reached XP level 1. HP: 15/15 MP: 1/1
    30 | D:1      | Found a faded altar of an unknown god.
   253 | D:1      | Slain by a quokka

Illustrated notes

Levels and vault maps discovered:
D:1:      heliophobic_arrival_ceremonial_halls, layout_basic,
          ebering_ecumenical_altar_rust, solitary_fountain,
          minmay_strange_pillars

Action                   || total
-------------------------++-------
Melee: Mace              ||    13
 Stab: Sleeping          ||     1
Armor: Leather armour    ||     6
Dodge: Dodged            ||     8
